Map: [ESL] Data-C

Players

ByuN

  • Race: Terran Terran
  • Spawn Location: 3:00

heebeom (SHIN) - Winner!

  • Race: Zerg Zerg
  • League: Master
  • Spawn Location: 9:00

VOD

Have the link to the VOD?

Description

Time

  • Played on: Nov. 4, 2022, 6:43 a.m.
  • Length: 12:49
Show
View Real Time Build Order
Export as new Build Order

ByuN Terran 

Build Orders:  

Get SALT Encoding   

  12  0:00  SCV  
  13  0:12  SCV  
  14  0:17  Supply Depot  
  14  0:24  SCV  
  15  0:39  SCV, Barracks  
  16  0:51  SCV  
  17  1:03  SCV  
  18  1:04  Refinery  
  18  1:15  SCV  
  19  1:27  Orbital Command, Marine  
  20  1:35  Command Center  
  20  1:45  Supply Depot, Marine  
  21  1:53  SCV  
  22  2:02  Marine  
  22  2:05  Factory  
  22  2:08  SCV  
  24  2:13  Refinery  
  24  2:20  SCV  
  25  2:24  Barracks Reactor  
  25  2:32  SCV  
  26  2:44  SCV  
  26  2:46  Orbital Command  
  26  2:48  Factory Tech Lab  
  27  2:54  Starport  
  27  2:56  SCV  
  28  3:01  Marine x2  
  30  3:12  SCV x2  
  32  3:15  Cyclone  
  32  3:19  Marine x2  
  34  3:24  SCV x2  
  36  3:31  Medivac  
  38  3:36  SCV x2, Marine  
  38  3:37  Marine  
  42  3:43  Supply Depot  
  43  3:48  SCV x2  
  43  4:00  SCV  
  46  4:05  SCV  
  45  4:12  SCV  
  44  4:17  SCV  
  44  4:18  Hellion, Banshee  
  44  4:19  Hellion, Cloaking Field  
  44  4:20  Barracks Tech Lab  
  52  4:24  SCV  
  52  4:26  Supply Depot  
  52  4:28  Command Center  
  52  4:31  SCV  
  54  4:38  Armory  
  54  4:44  Barracks Tech Lab  
  54  4:48  SCV x2, Hellion x2  
  54  4:49  Supply Depot  
  60  5:00  SCV x2  
  62  5:10  Banshee  
  62  5:11  Hellion x2  
  62  5:13  Marine  
  70  5:19  SCV x2  
  70  5:20  Supply Depot, Stimpack  
  72  5:25  Refinery  
  72  5:26  Refinery  
  72  5:28  Engineering Bay x2  
  72  5:31  SCV, Marine  
  72  5:33  SCV  
  75  5:36  Barracks  
  75  5:37  Barracks  
  75  5:41  SCV  
  75  5:42  Factory Reactor  
  76  5:43  SCV  
  77  5:52  Marine  
  77  5:55  SCV  
  71  6:06  Orbital Command  
  71  6:10  Marine  
  63  6:11  Barracks  
  63  6:12  SCV x2  
  63  6:14  Barracks  
  63  6:15  Terran Infantry Armor Level 1, Terran Infantry Weapons Level 1  
  63  6:16  Starport Reactor  
  63  6:24  Barracks  
  62  6:26  Marine  
  62  6:27  Orbital Command, Marine  
  62  6:28  Marine  
  62  6:32  SCV x2  
  64  6:37  Marine x2  
  64  6:38  Factory Reactor  
  66  6:42  Supply Depot  
  66  6:44  SCV x2, Marine x2  
  66  6:46  Marine  
  65  6:54  Medivac x2  
  65  6:55  Marine x2  
  65  6:56  SCV  
  65  6:57  SCV  
  65  6:58  SCV  
  65  7:01  Combat Shield  
  74  7:02  Marine x2  
  74  7:03  Terran Vehicle And Ship Armor Level 1  
  74  7:04  Marine  
  77  7:09  SCV x2  
  77  7:11  SCV  
  77  7:13  Marine x2  
  77  7:14  Supply Depot  
  82  7:19  Widow Mine  
  82  7:20  Marine x2  
  82  7:22  Widow Mine, Marine  
  89  7:24  SCV x2  
  89  7:26  SCV  
  90  7:31  Marine x2  
  90  7:32  Barracks Reactor x2  
  90  7:36  SCV x2, Medivac x2  
  98  7:38  SCV, Marine x2  
  98  7:39  Supply Depot x2, Marine  
  102  7:46  Widow Mine x2  
  102  7:48  SCV x2  
  108  7:53  SCV  
  108  7:54  Factory  
  108  7:56  Supply Depot  
  109  8:00  SCV  
  109  8:01  SCV, Marine x5  
  116  8:08  Marine x2  
  116  8:09  Marine x2  
  116  8:11  SCV  
  121  8:18  Marine x2  
  121  8:19  Marine  
  124  8:20  Command Center  
  124  8:22  Marine x2  
  124  8:26  Marine x2  
  125  8:27  Terran Infantry Weapons Level 2  
  125  8:32  Terran Infantry Armor Level 2  
  125  8:38  Medivac x2  
  125  8:40  Marine  
  125  8:41  Marine x5  
  134  8:47  Marine  
  134  8:48  Marine x2  
  134  8:51  Widow Mine, Drilling Claws  
  134  9:02  Marine x3  
  124  9:03  Marine x3  
  124  9:04  Marine  
  124  9:06  Marine  
  124  9:08  Medivac  
  131  9:11  Barracks  
  131  9:12  Barracks x2  
  131  9:14  Refinery  
  131  9:17  SCV x3  
  131  9:19  Medivac  
  131  9:20  Widow Mine  
  131  9:22  Widow Mine  
  140  9:27  Widow Mine  
  142  9:31  Marine x4  
  142  9:32  Marine x3  
  142  9:37  Marauder  
  142  9:38  Medivac  
  145  9:46  Marine  
  145  9:49  Marine x4  
  145  9:51  Widow Mine x2  
  141  9:55  Marine x3  
  141  9:58  Marauder  
  145  10:00  SCV x3  
  145  10:04  Marine  
  145  10:05  Medivac  
  145  10:07  Barracks Tech Lab x2, Marine x2  
  150  10:08  Medivac, Barracks Tech Lab  
  154  10:15  Supply Depot  
  154  10:16  Supply Depot, Planetary Fortress  
  154  10:19  Command Center, SCV x3  
  154  10:20  Supply Depot, Marauder  
  159  10:28  Marauder x2  
  163  10:29  Marine  
  164  10:36  Marine x3  
  164  10:37  Marauder  
  164  10:41  Marauder  
  171  10:49  Marauder x2  
  170  10:52  Marine  
  170  10:53  Widow Mine x2  
  170  10:54  Widow Mine  
  177  10:58  Marauder  
  177  10:59  Medivac x2  
  176  11:05  Marauder  
  176  11:10  Marauder  
  176  11:11  Marauder  
  179  11:14  Concussive Shells, Widow Mine x2  
  179  11:15  Marine x5  
  188  11:20  Marine x2  
  186  11:31  Widow Mine, Marauder  
  186  11:32  Marauder x2  
  170  11:33  Marauder  
  170  11:35  Widow Mine x2  
  155  11:45  Marine x5  
  136  11:52  Marauder  
  136  11:53  Marauder  
  127  11:54  Marauder x2  
  127  11:57  Widow Mine x2  
  127  12:00  Marine  
  122  12:03  Marine  
  122  12:06  Marine  
  96  12:10  Marine x2  
  96  12:14  Marine  
  96  12:15  Marine x2  
  73  12:24  Barracks  
  73  12:27  Barracks  
  73  12:28  Marine  
Show
View Real Time Build Order
Export as new Build Order

heebeom Zerg - Winner!

Build Orders: Pool First 

Get SALT Encoding   

  12  0:00  Drone  
  13  0:08  Drone  
  14  0:16  Overlord  
  14  0:34  Drone x2  
  16  0:36  Drone  
  16  0:38  Extractor  
  16  0:45  Drone  
  16  0:49  Spawning Pool  
  16  0:56  Drone  
  17  1:07  Drone  
  18  1:20  Hatchery  
  18  1:25  Drone  
  18  1:36  Zergling x2  
  18  1:39  Queen  
  21  1:44  Metabolic Boost  
  21  1:50  Overlord  
  21  1:54  Drone  
  22  2:09  Drone  
  23  2:17  Hatchery  
  23  2:18  Zergling x2  
  23  2:27  Queen  
  25  2:33  Zergling x4  
  25  2:36  Zergling x2  
  28  2:43  Zergling x2  
  29  2:46  Zergling x4  
  32  2:51  Drone x2  
  32  2:57  Queen  
  35  3:02  Overlord  
  35  3:06  Drone  
  36  3:21  Drone x4  
  36  3:26  Drone  
  40  3:28  Drone  
  40  3:29  Queen  
  40  3:31  Drone  
  44  3:36  Drone x2  
  44  3:37  Drone  
  44  3:40  Drone  
  48  3:41  Drone  
  48  3:48  Overlord  
  49  3:50  Drone  
  49  3:51  Drone  
  50  3:57  Drone  
  50  3:58  Drone  
  50  4:01  Queen  
  50  4:07  Zergling x10  
  50  4:08  Drone  
  56  4:11  Zergling x2  
  56  4:13  Zergling x2  
  57  4:17  Zergling x4  
  57  4:23  Overlord x2  
  57  4:24  Overlord  
  58  4:27  Overlord  
  58  4:32  Overlord  
  58  4:37  Overlord  
  58  4:42  Drone x3  
  58  4:43  Drone  
  58  4:44  Queen, Drone  
  65  4:51  Drone x4  
  69  4:54  Drone x3  
  69  4:55  Drone  
  73  5:00  Drone x2  
  73  5:06  Drone  
  76  5:09  Drone  
  76  5:12  Spore Crawler  
  76  5:13  Spore Crawler  
  75  5:14  Lair  
  75  5:15  Drone x3  
  75  5:17  Spore Crawler  
  75  5:20  Drone x3  
  75  5:21  Spore Crawler  
  79  5:26  Queen, Extractor  
  79  5:27  Baneling Nest  
  79  5:28  Drone  
  80  5:29  Drone  
  80  5:30  Drone  
  80  5:32  Drone  
  83  5:37  Zergling x10  
  88  5:45  Zergling x2  
  89  5:50  Zergling x10  
  89  5:51  Zergling x4  
  89  5:52  Zergling x2  
  89  5:55  Zergling x6  
  95  5:57  Zergling x4  
  95  6:02  Queen  
  95  6:03  Drone  
  90  6:07  Drone  
  90  6:09  Drone  
  88  6:13  Drone  
  88  6:16  Extractor x2  
  88  6:17  Extractor  
  85  6:19  Drone x2  
  85  6:23  Drone  
  85  6:24  Overseer, Evolution Chamber  
  85  6:25  Queen, Evolution Chamber  
  88  6:27  Hatchery  
  88  6:32  Drone x2  
  88  6:36  Drone  
  86  6:41  Drone  
  86  6:42  Drone x2  
  86  6:44  Drone  
  89  6:47  Drone x3  
  89  6:48  Drone x2  
  89  6:53  Zergling x4  
  94  6:59  Zergling x2  
  94  7:00  Zerg Ground Armor Level 1, Zerg Melee Weapons Level 1  
  95  7:02  Zergling x2  
  95  7:03  Hatchery  
  95  7:05  Zergling x2, Baneling, Queen  
  98  7:10  Zergling x8  
  98  7:14  Drone x2  
  104  7:18  Hydralisk Den, Centrifugal Hooks  
  104  7:22  Overlord  
  103  7:23  Zergling x4  
  103  7:27  Overlord x2  
  105  7:35  Zergling x4  
  105  7:36  Zergling x6  
  105  7:38  Zergling x2  
  105  7:39  Baneling x8  
  105  7:42  Drone  
  107  7:46  Drone x2  
  107  7:49  Drone x2  
  107  7:50  Zergling x10  
  116  7:52  Spore Crawler  
  116  7:58  Zergling x6  
  118  8:00  Drone  
  119  8:10  Drone x3  
  119  8:11  Drone  
  122  8:15  Grooved Spines, Hydralisk  
  122  8:17  Hydralisk x9  
  122  8:18  Hatchery  
  140  8:20  Drone x2  
  142  8:29  Overlord x5  
  142  8:31  Drone x2  
  142  8:33  Drone  
  141  8:40  Drone x2  
  141  8:42  Overlord  
  141  8:43  Drone x2  
  141  8:44  Drone  
  140  8:48  Hydralisk  
  140  8:49  Zergling x8  
  140  8:50  Baneling x4  
  140  8:51  Overseer  
  140  8:53  Drone x3  
  149  9:00  Drone x3  
  149  9:01  Drone x2  
  150  9:03  Zerg Melee Weapons Level 2, Zerg Ground Armor Level 2  
  150  9:06  Zergling x4  
  152  9:12  Zergling x12  
  158  9:18  Pneumatized Carapace  
  158  9:19  Zergling x8  
  158  9:20  Zergling x2, Extractor  
  158  9:21  Overlord  
  162  9:24  Zergling x8  
  166  9:36  Zergling x12  
  166  9:37  Baneling x7  
  170  9:44  Zergling x14  
  167  9:45  Hatchery  
  167  9:49  Baneling x4  
  158  9:53  Zergling x16  
  158  9:57  Drone  
  158  9:58  Zergling x10  
  172  10:03  Zergling x8  
  172  10:04  Baneling x15  
  176  10:08  Overlord  
  176  10:09  Zergling x6  
  176  10:10  Zergling x4  
  181  10:17  Zergling x16  
  181  10:19  Muscular Augments  
  188  10:24  Zergling x10  
  188  10:28  Zergling x4  
  194  10:30  Zergling x2  
  194  10:33  Zergling x2  
  195  10:36  Zergling x8  
  195  10:41  Baneling x13  
  199  10:47  Zergling x16  
  200  10:56  Zergling x6  
  199  11:00  Zergling x2  
  199  11:01  Zergling x4  
  199  11:04  Zergling x12, Hatchery  
  182  11:06  Baneling x5  
  182  11:07  Baneling x14  
  188  11:11  Infestation Pit  
  188  11:12  Zergling x2  
  188  11:13  Zergling x10  
  188  11:16  Zergling x6  
  195  11:19  Zergling x6  
  195  11:21  Zergling x2  
  195  11:23  Zergling x4  
  192  11:30  Zergling x4  
  192  11:31  Zergling x4  
  181  11:33  Baneling x3  
  181  11:34  Zergling x2  
  181  11:35  Zergling x2  
  181  11:38  Zergling x2  
  181  11:39  Zergling x2  
  171  11:41  Zergling x2  
  171  11:43  Zergling x4  
  171  11:44  Zergling x14  
  171  11:46  Zergling x10  
  171  11:47  Hydralisk  
  156  11:48  Baneling Nest  
  156  11:51  Zergling x4  
  144  11:54  Zergling x2  
  144  11:56  Zergling x2  
  144  11:57  Zergling x2  
  144  11:59  Zergling x4  
  144  12:00  Zergling x2  
  144  12:01  Zergling x2  
  142  12:07  Zergling x8  
  142  12:08  Zergling x2  
  140  12:14  Zergling x2  
  130  12:18  Zergling x4  
  130  12:19  Zergling x6  
  130  12:20  Zergling x2  
  130  12:21  Zergling x2  
  118  12:25  Zergling x2  
  118  12:27  Zergling x8  
  118  12:28  Zergling x2  
  107  12:30  Drone  
  107  12:32  Zergling x2  
Tags
 
Add a new tag
Caveats
  • Supply blocks, unpowered buildings, or Contaminate may cause inaccurate times.
  • Supply counts are checked every 10 seconds.